 Dungeon Crawl Stone Soup version 0.30-a0-883-g5ad918d77d (webtiles) character file.

Game seed: 3703632533356921995

76 cheesebisquit the Gusty (level 4, 0/33 HPs)
             Began as a Draconian Air Elementalist on Mar 15, 2023.
             Slain by Pikel
             ... wielding a +0 whip of freezing
              (4 damage)
             ... on level 3 of the Dungeon.
             The game lasted 00:11:18 (3359 turns).

cheesebisquit the Gusty (DrAE)                      Turns: 3359, Time: 00:11:18

Health: 0/33       AC:  8    Str: 17    XL:     4   Next: 12%
Magic:  4/8        EV: 12    Int: 17    God:
Gold:   92         SH:  0    Dex: 11    Spells: 2/8 levels left

rFire   . . .      SeeInvis .    i - +0 mace
rCold   . . .      Faith    .    (no shield)
rNeg    . . .      Spirit   .    (body armour unavailable)
rPois   .          Reflect  .    (helmet restricted)
rElec   .          Rampage  .    (no cloak)
rCorr   .                        o - +2 pair of gloves
Will    .....                    (no boots)
Stlth   ++                       (no amulet)
HPRegen 0.25/turn                n - +6 ring of strength
MPRegen 0.11/turn                (no ring)

@: brilliant, about to teleport
A: AC +5, unfitting armour, cold-blooded
a: no special abilities


You were on level 3 of the Dungeon.
You visited 1 branch of the dungeon, and saw 4 of its levels.

You collected 234 gold pieces.
You spent 142 gold pieces at shops.

Inventory:

Hand Weapons
 i - a +0 mace (weapon)
Missiles
 m - 2 throwing nets
Armour
 o - a +2 pair of gloves (worn)
Jewellery
 n - a +6 ring of strength (left hand)
Scrolls
 b - 3 scrolls of magic mapping
 d - a scroll of enchant weapon {unknown}
 e - a scroll of acquirement {unknown}
 f - 2 scrolls of teleportation
 g - a scroll of enchant armour {unknown}
 h - 3 scrolls of identify {unknown}
 j - 2 scrolls of torment {unknown}
 l - a scroll of summoning {unknown}
 q - a scroll of brand weapon {unknown}
Potions
 a - a potion of magic
 c - 3 potions of curing
 k - a potion of brilliance


   Skills:
 - Level 1.7 Dodging
 - Level 1.7 Stealth
 + Level 2.8 Spellcasting
 - Level 1.0 Conjurations
 * Level 4.4 Air Magic


You had 2 spell levels left.
You knew the following spells:

 Your Spells              Type           Power      Damage    Failure   Level
a - Shock                 Conj/Air       68%        1d7       6%          1
b - Static Discharge      Conj/Air       34%        2-4/arc   9%          2
c - Swiftness             Air            26%        N/A       9%          3

Your spell library contained the following spells:

 Spells                   Type           Power      Damage    Failure   Level
 Beastly Appendage        Tmut           6%         N/A       19%         1
 Wereblood                Tmut           3%         N/A       26%         2
 Airstrike                Air            13%        2d(2-18)  28%         4
 Spider Form              Tmut/Pois      3%         N/A       47%         3


Dungeon Overview and Level Annotations

Branches:
Dungeon (4/15)
 Temple: D:4-7

Altars:

Shops:
D:3 [

Annotations:
D:3 Pikel


Innate Abilities, Weirdness & Mutations

Your plain brown scales are hard. (AC +5)
You cannot fit into any form of body armour.
You are cold-blooded and may be slowed by cold attacks.


Message History

Pikel attacks as you move away! Pikel misses you.
Pikel attacks as you move away! Pikel barely misses you.
You feel yourself speed up. Pikel barely misses you.
Pikel attacks as you move away! Pikel closely misses you.
Your magical contamination has completely faded away.
Pikel attacks as you move away! Pikel hits you but does no damage.
Pikel attacks as you move away! Pikel hits you but does no damage.
There is a stone staircase leading up here.
Pikel hits you with a +0 whip of freezing.
You feel yourself slow down. Pikel freezes you.
* * * LOW HITPOINT WARNING * * *
You climb upwards.
You feel yourself speed up.
There is a stone staircase leading down here.
Pikel attacks as you move away! Pikel completely misses you.
It was a potion of curing.
You feel better.
Pikel hits you with a +0 whip of freezing.
Pikel freezes you. Pikel attacks as you move away!
Pikel hits you with a +0 whip of freezing.
* * * LOW HITPOINT WARNING * * *
You feel yourself slow down. Pikel freezes you.
* * * LOW HITPOINT WARNING * * *
It was a potion of brilliance.
You feel clever all of a sudden.
You feel yourself speed up. Pikel closely misses you.
It was a potion of heal wounds.
You feel much better.
Pikel hits you with a +0 whip of freezing.
Pikel freezes you.
As you read the scroll labelled JAZOINI ADUGEI, it crumbles to dust.
You feel momentarily disoriented.
It was a scroll of magic mapping.
Pikel hits you with a +0 whip of freezing!
* * * LOW HITPOINT WARNING * * *
Pikel freezes you.
* * * LOW HITPOINT WARNING * * *
As you read the scroll labelled WATODUM WAUPS, it crumbles to dust.
You feel strangely unstable.
It was a scroll of teleportation.
Pikel hits you with a +0 whip of freezing.
You die...

#.#### #<....).)..#
#....#####.#...####
#..........##.## #.##.####..##.#
#.##.# #..##.# #.##.#
#.....####### #.##.#
#...........# #.##.#
#.#########.### #.##.#
#.......@K....# #..#.#
#.#########>#.# ##.#.# #.#
####.#.####
#.#.####.######....#....########
#.#..........<..#######.........
#.######.######....#..........##
#.# #.# ####.#.##.#####... #.#
#.# #.#.##.# #### #.#
#.#########...##.#


You could see Pikel (resistant).

Vanquished Creatures
  An adder (D:2)
  An ufetubus (D:4)
  2 worms (D:2)
  A dart slug (D:3)
  5 orcs (D:3)
  6 bats
  3 endoplasms
  2 giant cockroaches
  5 goblins
  A hobgoblin (D:2)
  4 jackals (D:2)
  5 quokkas
  4 ball pythons
  A frilled lizard (D:3)
  2 kobolds
  2 rats (D:2)
45 creatures vanquished.

Vanquished Creatures (others)
  2 plants (D:2)
2 creatures vanquished.

Grand Total: 47 creatures vanquished

Notes
Turn   | Place    | Note
-------+----------+-------------------------------------------
     0 | D:1      | cheesebisquit the Draconian Air Elementalist began the
                  | quest for the Orb.
     0 | D:1      | Reached XP level 1. HP: 14/14 MP: 3/3
   475 | D:1      | Reached XP level 2. HP: 20/20 MP: 0/5
  1116 | D:2      | Reached XP level 3. HP: 8/26 MP: 0/6
  1285 | D:2      | Reached skill level 4 in Air Magic
  1803 | D:2      | Found a faded altar of an unknown god.
  2142 | D:2      | Learned a level 2 spell: Static Discharge
  2146 | D:2      | Learned a level 3 spell: Swiftness
  2340 | D:3      | Found Fean's Antique Armour Shoppe.
  2345 | D:3      | Bought a pair of glowing gloves for 142 gold pieces
  3222 | D:4      | Reached XP level 4. HP: 33/33 MP: 6/8
  3328 | D:4      | Noticed Pikel
  3328 | D:4      | Noticed a lemure
  3328 | D:4      | Noticed a lemure
  3328 | D:4      | Noticed a lemure
  3328 | D:4      | Noticed a lemure
  3359 | D:3      | Slain by Pikel

Illustrated notes

Levels and vault maps discovered:
D:1:      ncdulo_wetmaze, layout_loops_cross
D:2:      layout_basic, shapermc_ecumenical_altar_mp_highgroup,
          serial_bayou_lagoon_a, grunt_ministairs_9
D:3:      layout_loops_ring, serial_shops, shop
D:4:      layout_rooms, serial_co_window_serial, co_window_cross_1,
          co_window_cross_1, co_window_cross_1, co_window_paths_a,
          co_window_paths_a, co_window_of_opportunity_a, co_window_paths_b,
          co_window_paths_b, co_window_corner_a, co_window_paths_c,
          co_window_corner_b, co_window_paths_c, co_window_corner_b,
          co_window_cross_4, co_window_paths_e, glass_columns_b,
          glass_columns_a, glass_columns_b, uniq_pikel

Skill      XL: |  1  2  3 |
---------------+----------+-----
Air Magic      | 4 |  4.4
Dodging        | |  1.7
Stealth        | |  1.7
Spellcasting   | |  2.8
Conjurations   | |  1.0

Action                     |  1- 3 |  4- 6 || total
---------------------------+-------+-------++-------
  Melee: Unarmed           |    20 |       ||    20
         Tailslap          |     4 |       ||     4
         Mace              |    18 |     1 ||    19
   Cast: Shock             |    95 |    12 ||   107
    Use: Potion            |       |     3 ||     3
         Scroll            |       |     2 ||     2
   Stab: Sleeping          |     1 |       ||     1
 Armour: Skin              |    13 |     4 ||    17
  Dodge: Dodged            |    30 |    10 ||    40

Table legend: (Time is in decaauts)
 A = Elapsed time spent in this place.
 B = Non-inter-level travel time spent in this place.
 C = Inter-level travel time spent in this place.
 D = Time resting spent in this place.
 E = Time spent auto-exploring this place.
 F = Levels seen in this place.
 G = Mean time per level.
                   A        B        C        D        E       F      G
               +--------+--------+--------+--------+--------+-----+--------+
         Total |   3382 |   3176 |    206 |      5 |   2797 |   4 |  845.5 |
       Dungeon |   3382 |   3176 |    206 |      5 |   2797 |   4 |  845.5 |
               +--------+--------+--------+--------+--------+-----+--------+

Top non-repeatable levels by time:
     D:2: 1450 daAuts
     D:3: 853 daAuts
     D:1: 837 daAuts
     D:4: 241 daAuts
